 Dungeon Crawl Stone Soup version 0.30-a0-830-gfe289a77b0 (webtiles) character file.

Game seed: 11734130432996323984

91 lunkers the Slasher (level 5, -1/45 HPs)
             Began as a Meteoran Fighter on Feb 28, 2023.
             Slain by a gnoll
             ... wielding a +0 halberd
              (8 damage)
             ... on level 3 of the Dungeon.
             The game lasted 00:01:23 (874 turns).

lunkers the Slasher (Meteoran Fighter)               Turns: 874, Time: 00:01:24

Health: -1/45      AC:  6    Str: 22    XL:     5   Next: 13%
Magic:  6/6        EV:  9    Int:  9    God:
Gold:   76         SH:  5    Dex: 15    Spells: 4/4 levels left

rFire   . . .      SeeInvis .    a - +0 long sword
rCold   . . .      Faith    .    c - +0 buckler
rNeg    + . .      Spirit   .    b - +0 scale mail
rPois   .          Reflect  .    (no helmet)
rElec   .          Harm     .    (no cloak)
rCorr   .          Rampage  .    (no gloves)
Will    .....                    (no boots)
Stlth   +                        (no amulet)
HPRegen 0.27/turn                h - ring of Ytoym {rN+ Str+4 Stlth+}
MPRegen 0.10/turn                (no ring)

@: mighty, glowing
A: sense surroundings 1, otherworldly, glowing, explore regen
a: no special abilities


You were on level 3 of the Dungeon.
You visited 1 branch of the dungeon, and saw 3 of its levels.

You collected 76 gold pieces.

Inventory:

Hand Weapons
 a - a +0 long sword (weapon)
Armour
 b - a +0 scale mail (worn)
 c - a +0 buckler (worn)
Jewellery
 h - the ring of Ytoym (left hand) {rN+ Str+4 Stlth+}
   (You found it on level 3 of the Dungeon)

   [ring of positive energy]

   Str:       It affects your strength (+4).
   rN:        It protects you from negative energy.
   Stlth:     It makes you more stealthy.
 i - an amulet of faith
Scrolls
 e - 5 scrolls of identify
 g - a scroll of poison {unknown}
Potions
 f - a potion of flight


   Skills:
 - Level 3.2 Fighting
 + Level 5.6 Long Blades
 - Level 3.6 Armour
 - Level 3.6 Shields


You had 4 spell levels left.
You didn't know any spells.
Your spell library was empty.

Dungeon Overview and Level Annotations

Branches:
Dungeon (3/15) Zot: 907

Altars:


Innate Abilities, Weirdness & Mutations

You passively map a small area around you.
You are easily found by Zot.
You glow in the dark.
You regain HP and MP as you explore.


Message History

You are poisoned.
The adder poisons you!
You hit the adder.
The adder is moderately wounded.
You feel sick. The adder closely misses you. The adder bites you.
You are more poisoned.
The adder poisons you!
You closely miss the adder.
The adder is moderately wounded.
You feel sick. The adder bites you but does no damage.
You barely miss the adder.
The adder is moderately wounded.
You feel sick. The adder closely misses you.
The gnoll hits you from afar with a +0 halberd!
* * * LOW HITPOINT WARNING * * *
You block the adder's attack.
Okay, then.
You feel sick.
You feel sick. The adder attacks as you move away!
The adder bites you but does no damage.
You feel sick.
You feel sick.
You are no longer poisoned.
The adder barely misses you.
You feel very mighty all of a sudden. The adder bites you but does no damage.
The gnoll closely misses you.
You slash the adder!
You kill the adder!
The gnoll throws a throwing net.
The throwing net barely misses you.
You have reached level 5!
You barely miss the gnoll. The gnoll barely misses you. x2
You slash the gnoll!
You kill the gnoll!
The gnoll hits you from afar with a +0 halberd.
* * * LOW HITPOINT WARNING * * *
The gnoll hits you from afar with a +0 halberd!
* * * LOW HITPOINT WARNING * * *
You see here a throwing net.
The gnoll hits you with a +0 halberd!
You die...

* * #..?..# , , ,. , #.....##
.. * #......#### , ...,
,#......$..# , , ....
,#.......#.#####.
.....,#.......#.#....# *
......#.......#....... ..
,........gl#### ....... , .# ,
......###gg@(##....... .#
..... ####..†## * . , ..?. *
###..# * . ,...,,, ##.# ,, #
*######### ####.####### ,
########.....####........(.. ,
................#...........
########........#.............
.. #
#........####.#######..#..


You could see 3 gnolls and a frilled lizard.

Vanquished Creatures
  An orc priest (D:3)
  A gnoll (D:3)
  3 adders
  A dart slug (D:1)
  2 orcs (D:3)
  4 ball pythons
  2 endoplasms
  2 goblins (D:1)
  A hobgoblin (D:3)
  3 jackals (D:1)
  A kobold (D:1)
  A bat (D:2)
  A frilled lizard (D:3)
  A rat (D:2)
24 creatures vanquished.

Notes
Turn   | Place    | Note
-------+----------+-------------------------------------------
     0 | D:1      | lunkers the Meteoran Fighter began the quest for the Orb.
     0 | D:1      | Reached XP level 1. HP: 19/19 MP: 2/2
   134 | D:1      | Reached skill level 3 in Long Blades
   134 | D:1      | Reached XP level 2. HP: 8/26 MP: 3/3
   490 | D:1      | Glimpsed the power of Zot.
   594 | D:2      | Reached XP level 3. HP: 31/31 MP: 4/4
   617 | D:2      | Reached skill level 4 in Long Blades
   672 | D:3      | Identified the ring of Ytoym {rN+ Str+4 Stlth+}
   770 | D:3      | Reached skill level 5 in Long Blades
   770 | D:3      | Reached XP level 4. HP: 3/38 MP: 5/5
   871 | D:3      | Reached XP level 5. HP: 22/45 MP: 6/6
   874 | D:3      | Slain by a gnoll

Illustrated notes

Levels and vault maps discovered:
D:1:      amcnicky_arrival_wind_blow, layout_basic, hex_medium
D:2:      layout_basic
D:3:      layout_basic, gammafunk_temple_overflow_statue

Skill      XL: |  1  2  3 |
---------------+----------+-----
Long Blades    | 3 5 |  5.6
Fighting       | |  3.2
Armour         | |  3.6
Shields        | |  3.6

Action                     |  1- 3 |  4- 6 || total
---------------------------+-------+-------++-------
  Melee: Long sword        |    68 |    11 ||    79
    Use: Scroll            |       |     1 ||     1
         Potion            |       |     1 ||     1
 Armour: Scale mail        |    18 |     4 ||    22
  Dodge: Dodged            |    28 |    11 ||    39
  Block: Buckler           |    19 |     1 ||    20

Table legend: (Time is in decaauts)
 A = Elapsed time spent in this place.
 B = Non-inter-level travel time spent in this place.
 C = Inter-level travel time spent in this place.
 D = Time resting spent in this place.
 E = Time spent auto-exploring this place.
 F = Levels seen in this place.
 G = Mean time per level.
                   A        B        C        D        E       F      G
               +--------+--------+--------+--------+--------+-----+--------+
         Total |    891 |    851 |     40 |      0 |    662 |   3 |  297.0 |
       Dungeon |    891 |    851 |     40 |      0 |    662 |   3 |  297.0 |
               +--------+--------+--------+--------+--------+-----+--------+

Top non-repeatable levels by time:
     D:1: 540 daAuts
     D:3: 252 daAuts
     D:2: 98 daAuts
